 Dungeon Crawl Stone Soup version 0.31-a0-1-g4198be8af4 (webtiles) character file.

Game seed: 2644792478632546385

1777 bmack86 the Cleaver (level 8, -2/73 HPs)
             Began as a Minotaur Fighter on May 2, 2023.
             Was a Follower of Okawaru.
             Slain by an orc warrior
             ... wielding a +0 trident
              (5 damage)
             ... on level 7 of the Dungeon.
             The game lasted 00:12:04 (5263 turns).

bmack86 the Cleaver (Minotaur Fighter)              Turns: 5263, Time: 00:12:06

Health: -2/73      AC: 19    Str: 23    XL:     8   Next: 81%
Magic:  6/8        EV: 13    Int: 11    God:    Okawaru [*.....]
Gold:   282        SH:  6    Dex: 10    Spells: 7/7 levels left

rFire   . . .        a - +0 war axe
rCold   . . .        c - +0 buckler
rNeg    . . .        r - +0 plate armour
rPois   .            (helmet restricted)
rElec   .            f - +0 cloak
rCorr   .            (no gloves)
SInv    .            l - +1 pair of boots
Will    .....        (no amulet) Stlth
                     g - +6 ring of intelligence
HPRegen 0.32/turn    n - +5 ring of evasion
MPRegen 0.11/turn

%: no passive effects
@: lethally poisoned (-2 -> -17), heroic, slowed, studying Axes, very slow
A: horns 2, retaliatory headbutt
a: Renounce Religion, Heroism


You were on level 7 of the Dungeon.
You worshipped Okawaru.
Okawaru was aware of your devotion.
You visited 2 branches of the dungeon, and saw 8 of its levels.
You also visited: Sewer.

You collected 311 gold pieces.
You spent 29 gold pieces at shops.

Inventory:

Hand Weapons
 a - a +0 war axe (weapon)
Missiles
 C - 2 javelins (quivered)
Armour
 c - a +0 buckler (worn)
 e - a +0 chain mail
 f - a +0 cloak (worn)
 l - a +1 pair of boots (worn)
 q - a +0 troll leather armour {Pargi}
 r - a +0 plate armour (worn)
Jewellery
 g - a +6 ring of intelligence (left hand)
 m - a ring of protection from cold
 n - a +5 ring of evasion (right hand)
Wands
 j - a wand of iceblast (10)
 A - a wand of flame (19)
 D - a wand of quicksilver (6)
Scrolls
 i - a scroll of fear
 x - 2 scrolls of blinking
 z - a scroll of teleportation
Potions
 b - 2 potions of curing
 d - a potion of might
 h - a potion of lignification {unknown}
 k - a potion of cancellation {unknown}
 o - 4 potions of heal wounds {unknown}
 p - 3 potions of invisibility
 s - a potion of resistance {unknown}
 t - 2 potions of brilliance {unknown}
 u - a potion of berserk rage {unknown}
 v - a potion of magic {unknown}
 w - a potion of ambrosia {unknown}
 B - a potion of haste {unknown}


   Skills:
 + Level 7.0(12.0) Fighting
 * Level 9.3(14.3) Axes
 + Level 6.9(11.9) Armour
 + Level 6.8(11.8) Shields
 + Level 2.4 Invocations


You had 7 spell levels left.
You didn't know any spells.
Your spell library contained the following spells:

 Spells                   Type           Power      Damage    Failure   Level
 Freeze                   Ice            0%         1d3       99%         1
 Magic Dart               Conj           0%         1d3       99%         1
 Shock                    Conj/Air       0%         1d3       99%         1
 Sublimation of Blood     Necr           0%         N/A       100%        2
 Frozen Ramparts          Ice            0%         1d1       100%        3
 Hailstorm                Conj/Ice       0%         3d3       100%        3
 Mephitic Cloud           Conj/Pois/Air  0%         N/A       100%        3
 Swiftness                Air            0%         N/A       100%        3
 Airstrike                Air            0%         2d(0-16)  100%        4
 Petrify                  Tmut/Erth      0%         N/A       100%        4
 Irradiate                Conj/Tmut      0%         3d11      100%        5
 Call Imp                 Summ           Unusable   N/A       N/A         2

Dungeon Overview and Level Annotations

Branches:
Dungeon (7/15)             Temple (1/1) D:6           Sewer (visited)

Altars:
Fedhas
Gozag
Kikubaaqudgha
Okawaru
Qazlal
Trog
Xom

Shops:
D:2 *   D:4 **


Innate Abilities, Weirdness & Mutations

You have a pair of horns on your head.
You reflexively headbutt those who attack you in melee.


Message History

The hornet stings you but does no damage.
The orc priest begins to cast a cantrip, but forgets the words!
Unknown command.
You closely miss the hornet.
You headbutt the hornet, but do no damage.
You feel yourself speed up.
You feel sick. The hornet closely misses you. You furiously retaliate!
You headbutt the hornet!
The orc warrior hits you but does no damage.
The orc priest looks encouraged for a moment.
You block the hornet's attack.
The orc warrior hits you but does no damage.
The hornet closely misses you.
You hit the hornet but do no damage.
You headbutt the hornet, but do no damage.
The hornet is moderately wounded.
You feel sick. The hornet stings you.
You are more poisoned.
You feel yourself slow down.
The orc warrior hits you but does no damage.
The orc priest begins to cast a cantrip, but forgets the words!
You gain the combat prowess of a mighty hero.
You feel very sick. The hornet stings you.
You are more poisoned.
You feel as though you will be slow longer.
The hornet stings you but does no damage.
The orc warrior hits you from afar with a +0 trident.
The hornet stings you but does no damage.
The orc warrior barely misses you.
The orc priest mumbles some strange prayers to Beogh against you.
Beogh smites you!
* * * LOW HITPOINT WARNING * * *
You miss the hornet.
The hornet is moderately wounded.
* * * LOW HITPOINT WARNING * * *
You feel very sick. You block the hornet's attack.
The orc warrior hits you from afar with a +0 trident.
You die...

....###.####.#.## . #.#
#.#.# #.####.#.#
#......#+## ### # #
#######...## #.. #.#.
##.....## #.. .....
##.......# #..
#.#..o####.........####.
#....oy@.'..............
#.#.oo####..............
#.... ##)......#.###.
#... ##.....##.# #. ##.
##...## #. # #+## #. #.


You could see a hornet, an orc warrior, an orc priest and 2 orcs.

Vanquished Creatures
  Edmund (D:5)
  Pargi (Sewer)
  An ice beast (D:6)
  5 black bears
  3 scorpions (D:5)
  A bullfrog (D:7)
  A gnoll sergeant (D:7)
  A howler monkey (D:6)
  2 hounds
  3 orc priests
  A jelly (D:5)
  Terence (D:3)
  A gnoll bouda (D:6)
  3 iguanas
  4 orc wizards
  10 gnolls
  A river rat (D:3)
  7 adders
  A white imp (D:5)
  An ufetubus (D:5)
  2 dart slugs
  15 orcs
  5 endoplasms
  5 giant cockroaches
  2 goblins
  4 hobgoblins
  8 jackals
  3 kobolds
  2 quokkas
  7 ball pythons
  3 bats
  6 frilled lizards
  8 rats
119 creatures vanquished.

Notes
Turn   | Place    | Note
-------+----------+-------------------------------------------
     0 | D:1      | bmack86 the Minotaur Fighter began the quest for the Orb.
     0 | D:1      | Reached XP level 1. HP: 19/19 MP: 0/0
   351 | D:1      | Reached XP level 2. HP: 27/27 MP: 1/1
   524 | D:1      | Reached skill level 3 in Axes
  1174 | D:2      | Found Poemevaec's Assorted Antiques.
  1226 | D:2      | Reached XP level 3. HP: 30/33 MP: 2/2
  1545 | D:3      | Reached XP level 4. HP: 40/40 MP: 3/3
  1567 | D:3      | Reached skill level 4 in Axes
  1575 | D:3      | Found a glowing drain.
  1591 | Sewer    | Entered a sewer
  1691 | Sewer    | Noticed Pargi
  1701 | Sewer    | Killed Pargi
  1702 | Sewer    | Reached XP level 5. HP: 41/47 MP: 4/4
  1807 | D:3      | Noticed Terence
  1813 | D:3      | Killed Terence
  1987 | D:3      | Reached skill level 5 in Axes
  2513 | D:4      | Reached XP level 6. HP: 33/55 MP: 5/5
  2674 | D:4      | Found Osyanug's Assorted Antiques.
  2677 | D:4      | Bought a scroll labelled XIOGAXA YKOR for 29 gold pieces
  2686 | D:4      | Found Fanom's General Store.
  2977 | D:4      | Found Zatinn's Distillery.
  3186 | D:5      | Entered Level 5 of the Dungeon
  3223 | D:5      | Reached skill level 5 in Fighting
  3223 | D:5      | Reached skill level 5 in Armour
  3223 | D:5      | Reached skill level 5 in Shields
  3283 | D:5      | Reached skill level 6 in Axes
  3283 | D:5      | Reached XP level 7. HP: 60/61 MP: 6/6
  3592 | D:5      | Reached skill level 7 in Axes
  3633 | D:5      | Noticed Edmund
  3652 | D:5      | Killed Edmund
  3653 | D:5      | Reached XP level 8. HP: 47/70 MP: 7/7
  3659 | D:5      | Found an iron altar of Okawaru.
  3667 | D:5      | Became a worshipper of Warmaster Okawaru
  3677 | D:5      | Found a blossoming altar of Fedhas.
  3677 | D:5      | Found an opulent altar of Gozag.
  3687 | D:5      | Found a shimmering altar of Xom.
  3691 | D:5      | Found a bloodstained altar of Trog.
  3921 | D:5      | Found a stormy altar of Qazlal.
  3921 | D:5      | Found an ancient bone altar of Kikubaaqudgha.
  4167 | D:6      | Reached skill level 1 in Invocations
  4173 | D:6      | Reached skill level 8 in Axes
  4407 | D:6      | Found a staircase to the Ecumenical Temple.
  4413 | Temple   | Entered the Ecumenical Temple
  4792 | D:7      | Identified a scroll of acquirement
  4792 | D:7      | Acquired a manual of Axes
  5061 | D:7      | Reached * piety under Okawaru
  5176 | D:7      | Reached skill level 9 in Axes
  5254 | D:7      | Noticed a hornet
  5256 | D:7      | Paralysed by a hornet for 3 turns
  5263 | D:7      | HP: 3/73 [poisoned by a hornet]
  5263 | D:7      | Slain by an orc warrior

Illustrated notes

Levels and vault maps discovered:
D:1:      dpeg_arrival_fog, layout_loops_cross
D:2:      layout_basic, serial_shops, shop
D:3:      layout_basic, portal_sewer_entry_e, amethyst_killhole,
          serial_park_tiny_2, uniq_terence
D:4:      layout_loops_cross, serial_shops, shop, shop, shop,
          nicolae_figureground_sparkle
D:5:      layout_rooms, minmay_overflow_temple_star_hex,
          gammafunk_temple_overflow_elements, uniq_edmund
D:6:      layout_loops_cross, minmay_temple_entry_enclosed_plants, st_stairs_14,
          hangedman_decor_lopped
D:7:      layout_loops_corners
Temple:   eino_temple_water

Skill      XL: |  1  2  3  4  5  6  7  8 |
---------------+-------------------------+-----
Axes           | 3 4 5 6 7 9 |  9.3
Fighting       | 4 5 6 7 |  7.0
Armour         | 4 5 6 |  6.9
Shields        | 4 5 6 |  6.8
Invocations    | 2 |  2.4

Action                     |  1- 3 |  4- 6 |  7- 9 || total
---------------------------+-------+-------+-------++-------
  Melee: War axe           |    55 |   111 |   114 ||   280
         Headbutt          |     6 |    13 |    24 ||    43
 Invoke: Heroism           |       |       |     1 ||     1
    Use: Scroll            |     2 |    10 |     3 ||    15
 Armour: Chain mail        |    28 |    29 |       ||    57
         Scale mail        |     6 |       |       ||     6
         Plate armour      |       |    42 |    80 ||   122
  Dodge: Dodged            |    27 |    77 |    69 ||   173
  Block: Buckler           |     7 |    34 |    42 ||    83

Table legend: (Time is in decaauts)
 A = Elapsed time spent in this place.
 B = Non-inter-level travel time spent in this place.
 C = Inter-level travel time spent in this place.
 D = Time resting spent in this place.
 E = Time spent auto-exploring this place.
 F = Levels seen in this place.
 G = Mean time per level.
                   A        B        C        D        E       F      G
               +--------+--------+--------+--------+--------+-----+--------+
         Total |   5373 |   5173 |    200 |     38 |   3722 |   9 |  597.0 |
       Dungeon |   5146 |   4946 |    200 |     38 |   3648 |   7 |  735.1 |
        Temple |      1 |      1 |      0 |      0 |      0 |   1 |    1.0 |
         Sewer |    225 |    225 |      0 |      0 |     74 |   1 |  225.0 |
               +--------+--------+--------+--------+--------+-----+--------+

Top non-repeatable levels by time:
     D:4: 858 daAuts
     D:6: 836 daAuts
     D:5: 787 daAuts
     D:3: 777 daAuts
     D:2: 739 daAuts
     D:1: 670 daAuts
     D:7: 475 daAuts
   Sewer: 225 daAuts
  Temple: 1 daAuts
